 Dungeon Crawl Stone Soup version 0.18-a0-1229-ge9a1a01 (webtiles) character file.

241 sanyaskillpro the Poker (level 5, -12/39 HPs)
             Began as a Demonspawn Gladiator on Feb 4, 2016.
             Killed from afar by Dowan (28 damage)
             ... with a shard of ice
             ... on level 4 of the Dungeon.
             The game lasted 00:11:27 (2299 turns).

sanyaskillpro the Poker (Demonspawn Gladiator)      Turns: 2299, Time: 00:11:27

Health: -12/39     AC: 12    Str: 16    XL:     5   Next: 80%
Magic:  5/5        EV:  7    Int:  9    God:
Gold:   134        SH:  7    Dex: 14    Spells: 0 memorised, 4 levels left

rFire  . . .     SeeInvis .     a - +0 trident
rCold  . . .     Gourm    .     k - +0 scale mail
rNeg   . . .     Faith    .     l - +0 shield
rPois  .         Spirit   .     j - +2 hat
rElec  .         Dismiss  .     e - +0 cloak
rCorr  .         Reflect  .     o - +1 pair of gloves
SustAt .         Harm     .     (no boots)
MR     .....                    (no amulet)
Stlth  ..........               (no ring)
                                (no ring)

@: slowed, very slow, not resistant to hostile enchantments, extremely
unstealthy
A: rugged brown scales 1, rot immunity
a: no special abilities


You were on level 4 of the Dungeon.
You were not hungry.

You visited 1 branch of the dungeon, and saw 4 of its levels.

You collected 134 gold pieces.

Inventory:

Hand Weapons
 a - a +0 trident (weapon)
Missiles
 b - 20 poisoned needles
 d - 3 throwing nets (quivered)
Armour
 e - a +0 cloak (worn)
 j - a +2 hat (worn)
 k - a +0 scale mail (worn)
 l - a +0 shield (worn)
 o - a +1 pair of gloves (worn)
Scrolls
 i - 2 scrolls of identify
 m - a scroll of blinking {unknown}
 s - a scroll of enchant weapon
 v - a scroll of remove curse {unknown}
 x - a scroll of teleportation {unknown}
Potions
 g - a potion of curing
 w - 3 potions of poison
Comestibles
 f - 3 bread rations
 n - 2 chunks of flesh
 r - a beef jerky
 u - a meat ration


   Skills:
 - Level 2.0 Fighting
 + Level 6.0 Polearms
 - Level 1.7 Throwing
 - Level 0.1 Armour
 - Level 2.6 Dodging


You had 4 spell levels left.
You didn't know any spells.

Dungeon Overview and Level Annotations

Branches:
Dungeon (4/15)
 Temple: D:4-7

Altars:
Vehumet
Yredelemnul

Annotations:
D:4 Dowan


Innate Abilities, Weirdness & Mutations

You are partially covered in rugged brown scales (AC +1, +3% HP).
You are immune to rotting.


Message History

You feel as though you will be slow longer.
You puncture Duvessa!
Duvessa is severely wounded.
Duvessa hits you with a short sword. x2
Your shield and scale mail prevent you from hitting Duvessa.
Duvessa is severely wounded.
Duvessa barely misses you. Duvessa hits you but does no damage.
You block Duvessa's attack.
You puncture Duvessa!
You kill Duvessa!
You hear a distant wail of despair.
Your Polearms skill increases to level 6!
You float gracefully downwards.
Dowan seems to find hidden reserves of power!
Dowan casts a spell at you. The stone arrow misses you.
Dowan casts a spell at you. The shard of ice hits you!
Ouch! That really hurt!
You die...

#.############## ##
##..............######
#..
.........###.e........
#.############.#
#.##.######
##...#########.# #.# .#
# ##.....##.......###.#
.# .#
#.......#....@.)....# .#
#.##.......#.e####.#####
.# #.#..........# #.# <.
#.#.....###.# ..# e.
#.....## #e# .#..
#..#### #.##.### #..#
#.## #..# #.# #..# .#


You could see Dowan.

Vanquished Creatures
  Duvessa (D:4)
  A water moccasin zombie (D:3)
  An adder (D:2)
  2 oozes
  3 worms
  2 giant geckos
  An orc (D:3)
  5 goblins
  7 hobgoblins
  6 jackals
  2 quokkas
  2 ball pythons
  10 bats
  2 giant newts (D:2)
  7 kobolds
  A quokka skeleton (D:4)
  5 rats
58 creatures vanquished.

Notes
Turn   | Place    | Note
--------------------------------------------------------------
     0 | D:1      | sanyaskillpro the Demonspawn Gladiator began the quest for the Orb.
     0 | D:1      | Reached XP level 1. HP: 16/16 MP: 1/1
    19 | D:1      | Reached skill level 3 in Polearms
   208 | D:1      | Gained mutation: You are partially covered in rugged brown scales (AC +1, +3% HP). [demonic ancestry]
   208 | D:1      | Reached XP level 2. HP: 16/22 MP: 2/2
   681 | D:2      | Found a radiant altar of Vehumet.
   847 | D:2      | Reached XP level 3. HP: 13/27 MP: 3/3
  1246 | D:2      | Reached skill level 4 in Polearms
  1832 | D:3      | Reached skill level 5 in Polearms
  1832 | D:3      | Gained mutation: You are immune to rotting. [demonic ancestry]
  1832 | D:3      | Reached XP level 4. HP: 17/33 MP: 4/4
  2055 | D:3      | Found a basalt altar of Yredelemnul.
  2150 | D:3      | Reached XP level 5. HP: 33/39 MP: 5/5
  2265 | D:4      | Noticed Duvessa
  2280 | D:4      | Noticed Dowan
  2294 | D:4      | Killed Duvessa
  2294 | D:4      | Reached skill level 6 in Polearms
  2299 | D:4      | Killed from afar by Dowan

Vault maps used:
D:1:      minmay_arrival_checkered_box, minmay_misc_feat_room
D:2:      kennysheep_big_flooded_room, nicolae_overflow_crystal_walls,
          first_bread
D:3:      overflow_temple_1_default, uniq_crazy_yiuf_cottage
D:4:      uniq_duvessa

Action                   |  1- 3 |  4- 6 || total
-------------------------+-------+-------++-------
Melee: Trident           |   163 |    55 ||   218
  Use: Scroll            |       |     4 ||     4
       Potion            |       |     4 ||     4
  Eat: Chunk             |     3 |     2 ||     5
